 Dungeon Crawl Stone Soup version 0.28-a0-514-g0d7ab7f379 (webtiles) character file.

Game seed: 4331486288745277063

56 ezpacito the Skirmisher (level 3, 0/29 HPs)
             Began as a Demonspawn Abyssal Knight on Sept 21, 2021.
             Was a Follower of Lugonu.
             Slain by an adder (2 damage)
             ... on level 2 of the Dungeon on Sept 22, 2021.
             The game lasted 00:03:42 (1346 turns).

ezpacito the Skirmisher (Demonspawn Abyssal Knight) Turns: 1346, Time: 00:03:42

Health: 0/29       AC:  3    Str: 13    XL:     3   Next: 71%
Magic:  5/5        EV: 11    Int: 11    God:    Lugonu [*.....]
Gold:   38         SH:  0    Dex: 14    Spells: 3/3 levels left

rFire   . . .      SeeInvis .   c - +0 broad axe
rCold   . . .      Faith    .   (no shield)
rNeg    . . .      Spirit   .   b - +0 leather armour
rPois   .          Reflect  .   (helmet restricted)
rElec   .          Harm     .   (no cloak)
rCorr   .          Rampage  .   (no gloves)
Will    .....                   (no boots)
Stlth   +.........              (no amulet)
HPRegen 0.09/turn               (no ring)
MPRegen 0.09/turn               (no ring)

@: no status effects
A: horns 1, powered by pain 1
a: Renounce Religion, Depart the Abyss


You were on level 2 of the Dungeon.
You worshipped Lugonu.
Lugonu was aware of your devotion.
You visited 1 branch of the dungeon, and saw 2 of its levels.
You visited the Abyss 1 time.

You collected 38 gold pieces.

Inventory:

Hand Weapons
 a - a +1 hand axe
 c - a +0 broad axe (weapon)
Missiles
 e - 71 stones
Armour
 b - a +0 leather armour (worn)
Potions
 f - a potion of magic


   Skills:
 + Level 3.2 Fighting
 * Level 2.6 Axes
 + Level 2.1 Armour
 + Level 1.3 Dodging
 + Level 0.7 Spellcasting
 + Level 3.0 Invocations


You had 3 spell levels left.
You didn't know any spells.
Your spell library contained the following spells:

 Spells                   Type           Power      Damage    Failure   Level
 Freeze                   Ice            0%         1d3       38%         1
 Frozen Ramparts          Ice            0%         1d2       77%         3
 Hailstorm                Conj/Ice       0%         3d3       99%         4


Dungeon Overview and Level Annotations

Branches:
Dungeon (2/15)

Altars:


Innate Abilities, Weirdness & Mutations

You have a pair of small horns on your head.
You sometimes gain a little power by taking damage.


Message History

The adder is almost dead.
You slash the adder!
You feel very sick. The adder closely misses you.
The adder bites you but does no damage. The adder bites you.
The adder misses you.
You are too injured to fight recklessly!
You are too injured to fight recklessly!
You are too injured to fight recklessly!
You are too injured to fight recklessly!
You are too injured to fight recklessly!
You are too injured to fight recklessly!
You are too injured to fight recklessly!
You are too injured to fight recklessly!
You are too injured to fight recklessly!
You are too injured to fight recklessly!
You are too injured to fight recklessly!
You are too injured to fight recklessly!
Okay, then.
You feel sick.
You feel sick. The adder bites you but does no damage.
You feel sick.
You feel sick.
You slash the adder!
You kill the adder!
Lugonu accepts your kill.
You feel sick.
You are no longer poisoned.
The adder bites you but does no damage.
Your Invocations skill increases to level 3!
You closely miss the adder.
The adder is almost dead.
The adder bites you.
* * * LOW HITPOINT WARNING * * *
The adder bites you.
* * * LOW HITPOINT WARNING * * *
Unknown command.
You closely miss the adder.
The adder is almost dead.
The adder bites you.
You die...

. .....## #.# ..... ..
.... #.# ###
##.#.#..#####.# #..
...........##.#
#.##########S## #.#
#.#...........# #.#
#.#.#########.# #.#
######.#.###....@S.# #.#
.........#.#.#######
#.####### ######.#.#.#
#...<...#
#.#.#.############.......#
#.#.#....................#
#.###.##†...#######......#
#........................+
#####.##....#######......#
#.####### ########


You could see an adder.

Vanquished Creatures
  A gnoll (D:1)
  An adder (D:2)
  3 ball pythons
  3 bats (D:1)
  2 endoplasms (D:1)
  4 giant cockroaches (D:1)
  2 goblins (D:1)
  7 hobgoblins (D:1)
  4 kobolds (D:1)
  A quokka (D:1)
  A frilled lizard (D:1)
  4 rats
33 creatures vanquished.

Vanquished Creatures (others)
  4 starspawn tentacles (Abyss:2)
4 creatures vanquished.

Grand Total: 37 creatures vanquished

Notes
Turn   | Place    | Note
-------+----------+-------------------------------------------
     0 | Abyss:1  | ezpacito the Demonspawn Abyssal Knight began the quest for
                  | the Orb.
     0 | Abyss:1  | Reached XP level 1. HP: 18/18 MP: 2/2
    84 | Abyss:1  | Noticed an ancient zyme
    92 | Abyss:1  | Noticed a glowing orange brain
   140 | Abyss:2  | Noticed a tentacled starspawn
   177 | D:1      | Escaped the Abyss
   270 | D:1      | Reached skill level 1 in Dodging
   434 | D:1      | Reached * piety under Lugonu
   438 | D:1      | Gained mutation: You sometimes gain a little power by
                  | taking damage. [demonic ancestry]
   438 | D:1      | Reached XP level 2. HP: 23/24 MP: 3/3
   874 | D:1      | Gained mutation: You have a pair of small horns on your
                  | head. [demonic ancestry]
   874 | D:1      | Reached XP level 3. HP: 29/29 MP: 5/5
  1208 | D:1      | Upgraded the game from 0.28-a0-511-gcc94558de3 to
                  | 0.28-a0-514-g0d7ab7f379
  1346 | D:2      | Slain by an adder

Illustrated notes

Levels and vault maps discovered:
D:1:      dpeg_arrival_rooms_b, layout_basic
D:2:      layout_basic

Skill      XL: |  1  2  3 |
---------------+----------+-----
Dodging        | 1 |  1.3
Axes           | 2 |  2.6
Armour         | 2 |  2.1
Invocations    | 3 |  3.0
Fighting       | |  3.2
Spellcasting   | |  0.7

Action                   || total
-------------------------++-------
Melee: Broad axe         ||    88
       Headbutt          ||     3
Invok: Depart the Abyss  ||     1
  Use: Scroll            ||     1
Armor: Leather armour    ||    33
Dodge: Dodged            ||    73

Table legend: (Time is in decaauts)
 A = Elapsed time spent in this place.
 B = Non-inter-level travel time spent in this place.
 C = Inter-level travel time spent in this place.
 D = Time resting spent in this place.
 E = Time spent auto-exploring this place.
 F = Levels seen in this place.
 G = Mean time per level.
                   A        B        C        D        E       F      G
               +--------+--------+--------+--------+--------+-----+--------+
         Total |   1386 |   1359 |     27 |      0 |   1060 |   4 |  346.5 |
       Dungeon |   1209 |   1182 |     27 |      0 |    945 |   2 |  604.5 |
         Abyss |    176 |    176 |      0 |      0 |    115 |   2 |   88.0 |
               +--------+--------+--------+--------+--------+-----+--------+

Top non-repeatable levels by time:
     D:1: 1093 daAuts
 Abyss:1: 134 daAuts
     D:2: 116 daAuts
 Abyss:2: 42 daAuts
